 Dungeon Crawl Stone Soup version 0.18-a0-1689-g473dde0 (webtiles) character file.

77 Gottschkopf the Conjurer (level 4, -1/24 HPs)
             Began as a Deep Elf Conjurer on Apr 5, 2016.
             Slain by a gnoll
             ... wielding a +0 flail
              (14 damage)
             ... on level 2 of the Dungeon.
             The game lasted 00:06:43 (1582 turns).

Gottschkopf the Conjurer (Deep Elf Conjurer)        Turns: 1582, Time: 00:06:44

Health: -1/24      AC:  2    Str:  5    XL:     4   Next: 14%
Magic:  6/12       EV: 13    Int: 21    God:
Gold:   23         SH:  0    Dex: 15    Spells: 3 memorised, 6 levels left

rFire  . . .     SeeInvis .     i - +0 dagger
rCold  . . .     Gourm    .     a - +0 robe
rNeg   . . .     Faith    .     (no shield)
rPois  .         Spirit   .     (no helmet)
rElec  .         Dismiss  .     (no cloak)
rCorr  .         Reflect  .     (no gloves)
SustAt .         Harm     .     (no boots)
MR     .....                    (no amulet)
Stlth  ++........               (no ring)
                                (no ring)

@: not resistant to hostile enchantments, unstealthy
A: no striking features
a: no special abilities


You were on level 2 of the Dungeon.
You were not hungry.

You visited 1 branch of the dungeon, and saw 2 of its levels.

You collected 23 gold pieces.

Inventory:

Hand Weapons
 i - a +0 dagger (weapon)
Armour
 a - a +0 robe (worn)
Scrolls
 d - 3 scrolls of enchant armour {unknown}
 g - a scroll of teleportation {unknown}
 h - a scroll of identify {unknown}
 j - 2 scrolls of noise {unknown}
 k - 2 scrolls of amnesia {unknown}
Potions
 e - 4 potions of heal wounds {unknown}
 f - a potion of curing {unknown}
 m - a potion of lignification {unknown}
Books
 b - a book of Conjurations

   Spells                             Type                      Level
   a - Magic Dart                     Conjuration                  1
   b - Searing Ray                    Conjuration                  2
   c - Dazzling Spray                 Conjuration/Hexes            3
   d - Fulminant Prism                Conjuration/Hexes            4
   e - Iskenderun's Mystic Blast      Conjuration                  4
   f - Iskenderun's Battlesphere      Conjuration/Charms           5
Comestibles
 c - 2 bread rations


   Skills:
 - Level 2.4 Dodging
 - Level 2.4 Stealth
 * Level 4.6 Spellcasting
 + Level 5.5 Conjurations


You had 6 spell levels left.
You knew the following spells:

 Your Spells              Type           Power        Failure   Level  Hunger
a - Magic Dart            Conj           ####         1%          1    None
b - Searing Ray           Conj           ####..       1%          2    #......
c - Dazzling Spray        Conj/Hex       ###.....     14%         3    ##.....


Dungeon Overview and Level Annotations

Branches:
Dungeon (2/15)

Altars:


Message History

Press: ? - help, Shift-Dir - straight line, f - gnoll
Aim: a gnoll, wielding a flail The spray of energy misses the gnoll.
The spray of energy hits the gnoll.
The gnoll is moderately wounded.
The gnoll is dazzled.
The gnoll misses you.
Casting: Dazzling Spray
Confirm with . or Enter, or press ? or * to list all spells.
Aiming: Searing Ray
Press: ? - help, Shift-Dir - straight line, f - gnoll, p - gnoll
Aim: a gnoll, wielding a halberd (moderately wounded, blind, hasn't noticed you)
The searing ray hits the gnoll.
The gnoll is moderately wounded.
The gnoll hits you with a flail.
The gnoll shouts!
All of the chunks of flesh in your inventory have rotted away.
The searing ray hits the gnoll.
The gnoll is severely wounded.
The gnoll hits you with a halberd! The gnoll hits you with a flail!
Ouch! That really hurt!
You die...

#.#.............#.# ..
#...............#.###...#
#.......................#
#.......................#
#.#.....................#
##.#.##..g...............#
#.......####÷#.........†.#
####.#####.gg............#
###.#####.#@#..........#
#.....g...###..........#
#[#.#####.# #.[........#
#.......### #..........#
###.###.# #####......# #.#
#.# ######## #.# #.# #.#
#.# #.# #.#


You could see 2 gnolls.

Vanquished Creatures
  2 adders
  2 gnolls (D:2)
  A dart slug (D:1)
  2 ball pythons
  4 bats (D:1)
  7 goblins (D:1)
  5 hobgoblins (D:1)
  7 jackals (D:1)
  2 giant newts (D:1)
  3 kobolds
  2 rats (D:1)
37 creatures vanquished.

Notes
Turn   | Place    | Note
--------------------------------------------------------------
     0 | D:1      | Gottschkopf the Deep Elf Conjurer began the quest for the Orb.
     0 | D:1      | Reached XP level 1. HP: 10/10 MP: 6/6
   201 | D:1      | Reached XP level 2. HP: 15/15 MP: 4/8
   462 | D:1      | Learned a level 2 spell: Searing Ray
   697 | D:1      | Reached skill level 5 in Conjurations
   940 | D:1      | Reached XP level 3. HP: 19/19 MP: 6/10
   950 | D:1      | Learned a level 3 spell: Dazzling Spray
  1407 | D:2      | Reached XP level 4. HP: 24/24 MP: 5/12
  1582 | D:2      | Slain by a gnoll

Vault maps used:
D:1:      evilmike_arrival_crescent, feat_on_display
D:2:      grunt_pakellas_mercury, uniq_crazy_yiuf_cottage, uniq_sigmund,
          uniq_robin

Skill      XL: |  1  2  3 |
---------------+----------+-----
Conjurations   | 5 |  5.5
Spellcasting   | 4 |  4.6
Dodging        | |  2.4
Stealth        | |  2.4

Action                   |  1- 3 |  4- 6 || total
-------------------------+-------+-------++-------
Melee: Unarmed           |     1 |       ||     1
       Dagger            |    35 |     2 ||    37
 Cast: Magic Dart        |    50 |     1 ||    51
       Searing Ray       |     2 |     1 ||     3
       Dazzling Spray    |       |     4 ||     4
 Stab: Sleeping          |     4 |       ||     4
  Eat: Chunk             |     1 |     1 ||     2
